 Dungeon Crawl Stone Soup version 0.28-a0-1447-ga5a8893891 (webtiles) character file.

Game seed: 11452945625025049220

5803 Zonian the Nimble (level 11, -1/71 HPs)
             Began as a Djinni Ice Elementalist on Jan 12, 2022.
             Was a Follower of Ashenzari.
             Slain by Gastronok (23 damage)
             ... on level 1 of the Lair of Beasts.
             The game lasted 00:48:04 (20922 turns).

Zonian the Nimble (Djinni Ice Elementalist)        Turns: 20922, Time: 00:48:16

Health: -1/71      AC: 22    Str:  7    XL:     11   Next: 6%
Gold:   508        EV: 15    Int: 27    God:    Ashenzari [*.....] SH:  0 Dex: 14

rFire   + + +      SeeInvis .   e - +3 Elemental Staff {rElec rF++ rC++ AC+5, Self, Cun} (curse)
rCold   + + .      Faith    .   (no shield)
rNeg    . . .      Spirit   .   n - +3 leather armour
rPois   ∞          Reflect  .   (no helmet)
rElec   +          Harm     .   (no cloak)
rCorr   .          Rampage  .   j - +1 pair of gloves
Will    +....                   (boots unavailable)
Stlth   ++++......              (no amulet)
HPRegen 0.21/turn               t - ring of wizardry
MPRegen 0.00/turn               k - ring "Ensconced Together" {Fly rPois rF+ rC+ Int+6, Melee, Range} (curse)

@: ice-armoured, flying, slowed, very slow
A: sickness immunity, fire resistance 2, cold vulnerability 1, float, innate
caster, hp casting, extra vitality 1
a: Renounce Religion, Shatter the Chains


You were on level 1 of the Lair of Beasts.
You worshipped Ashenzari.
Ashenzari was aware of your devotion.
You visited 3 branches of the dungeon, and saw 11 of its levels.

You collected 508 gold pieces.

Inventory:

Hand Weapons
 c - a +0 dagger
 e - the cursed +3 Elemental Staff (weapon) {rElec rF++ rC++ AC+5, Self, Cun}
   (You acquired it on level 3 of the Dungeon)

   If the wielder is skilled in Evocations, they can discharge powerful blasts
   of elemental energy when striking with it.
   It enhances your fire, ice, earth and air magic.
   AC:        It affects your AC (+5).
   rF:        It greatly protects you from fire.
   rC:        It greatly protects you from cold.
   rElec:     It insulates you from electricity.
   It has a curse which improves the following skills: Introspection: Fighting
   and Spellcasting.
   Cunning:   Dodging and Stealth.
Missiles
 q - 4 javelins
 v - 10 boomerangs
Armour
 a - a +0 robe
 j - a +1 pair of gloves (worn)
 n - a +3 leather armour (worn)
 w - a +0 pair of gloves
Jewellery
 k - the cursed ring "Ensconced Together" (right hand) {Fly rPois rF+ rC+ Int+6, Melee, Range}
   (You found it on level 7 of the Dungeon)

   [ring of intelligence]

   Int:       It affects your intelligence (+6).
   rF:        It protects you from fire.
   rC:        It protects you from cold.
   rPois:     It protects you from poison.
   Fly:       It grants you flight.
   It has a curse which improves the following skills: Melee Combat: Short
   Blades, Long Blades, Axes, Maces & Flails, Polearms, Staves and Unarmed
   Combat.
   Ranged Combat: Slings, Bows, Crossbows and Throwing.
 r - an amulet of faith
 t - a ring of wizardry (left hand)
Wands
 A - a wand of flame (11)
Scrolls
 d - 2 scrolls of teleportation
 i - a scroll of magic mapping
 u - 4 scrolls of fog
 y - a scroll of enchant weapon
 B - a scroll of identify
 C - a scroll of blinking
Potions
 b - a potion of curing
 f - 2 potions of mutation
 g - 2 potions of brilliance
 h - 2 potions of heal wounds
 m - 2 potions of resistance
 o - 2 potions of berserk rage
 p - a potion of flight
 s - a potion of ambrosia
 x - a potion of haste
 z - 2 potions of might


   Skills:
 + Level 2.7(3.5) Fighting
 + Level 2.3(3.0) Staves
 - Level 6.4 Armour
 + Level 8.7(9.6) Dodging
 + Level 7.2(8.1) Stealth
 + Level 6.8(7.6) Spellcasting
 + Level 3.4 Evocations


You had one spell level left.
You knew the following spells:

 Your Spells              Type           Power      Damage    Failure   Level
a - Freeze                Ice            100%       1d11      1%          1
b - Frozen Ramparts       Ice            100%       1d12      1%          3
c - Ozocubu's Armour      Ice            67%        N/A       1%          3
d - Hailstorm             Conj/Ice       67%        3d14      1%          4
e - Apportation           Tloc           100%       N/A       1%          1
f - Static Discharge      Conj/Air       67%        N/A       1%          2
g - Searing Ray           Conj           100%       2d8       1%          2
h - Summon Guardian Gole  Hex/Summ       51%        N/A       1%          3
i - Agony                 Necr           51%        N/A       3%          5
Your spell library was empty.

Dungeon Overview and Level Annotations

Branches:
Dungeon (9/15)             Temple (1/1) D:6            Lair (1/6) D:9
    Orc: D:9-12

Altars:
Ashenzari
Cheibriados
Dithmenos
Fedhas
Hepliaklqana
Kikubaaqudgha
Makhleb
Nemelex Xobeh
Okawaru
Qazlal
Ru
Uskayaw
Vehumet
Wu Jian
Zin
The Shining One

Shops:
D:6 :

Annotations:
D:4 Pikel
D:8 2 transporters, croobank's ghost, novice DrTm
Lair:1 Gastronok


Innate Abilities, Weirdness & Mutations

You are immune to sickness and miasma.
You are immune to poison.
Your flesh is very heat resistant. (rF++)
You are vulnerable to cold. (rC-)
You float through the air rather than walking.
You learn spells naturally, not from books.
Your magical power is your life essence.
You have superior vitality. (+4 MHP)


Message History

Aim: Gastronok, wearing a +0 hat of stealth (almost dead, ally target)
You feel a surge of power!
You freeze Gastronok.
Gastronok is almost dead.
The rat bites you but does no damage.
Casting: Freeze (safe; 1% risk of failure)
Confirm with . or Enter, or press ? or * to list all spells.
Aiming: Freeze (safe; 1% risk of failure)
Press: ? - help, Shift-Dir - straight line, f/p - Gastronok
Aim: Gastronok, wearing a +0 hat of stealth (almost dead, ally target)
You feel a surge of power!
You freeze Gastronok!
Gastronok is almost dead.
Gastronok glows a brilliant shade of cerise.
The rat bites you but does no damage.
Casting: Freeze (safe; 1% risk of failure)
Confirm with . or Enter, or press ? or * to list all spells.
Aiming: Freeze (safe; 1% risk of failure)
Press: ? - help, Shift-Dir - straight line, f/p - Gastronok
Aim: Gastronok, wearing a +0 hat of stealth (almost dead, ally target)
You feel a surge of power!
You freeze Gastronok.
Gastronok is almost dead.
The rat bites you but does no damage.
Casting: Freeze (safe; 1% risk of failure)
Confirm with . or Enter, or press ? or * to list all spells.
Aiming: Freeze (safe; 1% risk of failure)
Press: ? - help, Shift-Dir - straight line, f/p - Gastronok
Aim: Gastronok, wearing a +0 hat of stealth (almost dead, ally target)
You feel a surge of power!
You freeze Gastronok.
Gastronok is almost dead.
Gastronok looks at you and mumbles some strange words.
You feel yourself slow down. The rat barely misses you.
Casting: Freeze (safe; 1% risk of failure)
Confirm with . or Enter, or press ? or * to list all spells.
Aiming: Freeze (safe; 1% risk of failure)
Press: ? - help, Shift-Dir - straight line, f/p - Gastronok
Aim: Gastronok, wearing a +0 hat of stealth (almost dead, ally target)
You feel a surge of power!
You freeze Gastronok.
Gastronok is almost dead.
* * * LOW HITPOINT WARNING * * *
The rat completely misses you. Gastronok bites you!!
You die...

###P#P#
###.........
#####
#..........
#..........
##.#.........
###.##.........
...............
...............
##........>....
####..@.......
#.rw.......
#...9......
#..........
##.........
.......?..
..........
#..........


You could see Gastronok (ally target), a rat (summoned) and a friendly guardian
golem (summoned).

Vanquished Creatures
  Harold (Lair:1)
  A manticore (D:6)
  A komodo dragon (Lair:1)
  A hornet (D:9)
  A yak (D:9)
  A steam dragon (D:6)
  3 water moccasins
  2 orc warriors
  A black bear (D:8)
  3 ogres
  3 sky beasts
  6 centaurs
  2 lemures
  A phantom (D:6)
  A bullfrog (D:6)
  3 gnoll sergeants
  A water moccasin skeleton (D:4)
  10 killer bees
  5 howler monkeys
  2 centaur zombies
  2 jellies
  4 orc priests
  A bullfrog skeleton (D:5)
  Jessica (D:3)
  A centaur skeleton (D:4)
  2 iguanas (D:4)
  3 orc wizards
  A scorpion zombie (D:5)
  2 killer bee zombies
  2 howler monkey zombies
  A howler monkey skeleton (D:6)
  8 adders
  14 gnolls
  A shadow imp (D:6)
  A white imp (D:6)
  A dart slug (D:1)
  23 orcs
  5 ball pythons
  7 bats
  12 endoplasms
  3 giant cockroaches
  4 goblins
  8 hobgoblins
  4 jackals
  A quokka (D:5)
  2 frilled lizards
  10 kobolds
  5 rats
178 creatures vanquished.

Vanquished Creatures (collateral kills)
  A hydra (D:7)
  A killer bee zombie (D:7)
  A white imp (D:7)
3 creatures vanquished.

Vanquished Creatures (others)
  An orc wizard (D:8)
  A fungus (Lair:1)
2 creatures vanquished.

Grand Total: 183 creatures vanquished

Notes
Turn   | Place    | Note
-------+----------+-------------------------------------------
     0 | D:1      | Zonian the Djinni Ice Elementalist began the quest for the
                  | Orb.
     0 | D:1      | Reached XP level 1. HP: 15/15 MP: 0/0
   644 | D:1      | Reached XP level 2. HP: 18/21 MP: 0/0
  1599 | D:1      | Found a faded altar of an unknown god.
  1648 | D:1      | Reached XP level 3. HP: 24/25 MP: 0/0
  1648 | D:1      | Learned a level 1 spell: Apportation
  2628 | D:2      | Reached skill level 3 in Dodging
  2907 | D:2      | Reached XP level 4. HP: 30/31 MP: 0/0
  4429 | D:3      | Reached XP level 5. HP: 33/35 MP: 0/0
  4429 | D:3      | Learned a level 2 spell: Static Discharge
  4641 | D:3      | Found a glowing golden altar of the Shining One.
  5099 | D:3      | Noticed Jessica
  5105 | D:3      | Killed Jessica
  5270 | D:3      | Identified a scroll of acquirement
  5270 | D:3      | Acquired the +3 Elemental Staff {rElec rF++ rC++ AC+5}
  5270 | D:3      | Found the +3 Elemental Staff {rElec rF++ rC++ AC+5}
  5935 | D:4      | Noticed a lemure
  5956 | D:4      | Noticed Pikel
  5956 | D:4      | Noticed a lemure
  5956 | D:4      | Noticed a lemure
  6039 | D:4      | Reached XP level 6. HP: 38/40 MP: 0/0
  6058 | D:4      | Reached skill level 1 in Armour
  6058 | D:4      | Reached skill level 4 in Dodging
  6874 | D:4      | Reached skill level 1 in Evocations
  8548 | D:4      | Reached XP level 7. HP: 39/45 MP: 0/0
  8548 | D:4      | Learned a level 2 spell: Searing Ray
  8722 | D:5      | Entered Level 5 of the Dungeon
  8733 | D:5      | Found a burning altar of Makhleb.
  8852 | D:5      | Found a glowing silver altar of Zin.
  8932 | D:5      | Found a sacrificial altar of Ru.
 10766 | D:6      | Noticed a manticore
 10998 | D:6      | Reached skill level 5 in Dodging
 10998 | D:6      | Reached XP level 8. HP: 45/50 MP: 0/0
 13083 | D:6      | Reached skill level 5 in Spellcasting
 13358 | D:6      | Found Roniohi's Book Shop.
 13441 | D:6      | Found a staircase to the Ecumenical Temple.
 13570 | D:6      | Killed a manticore
 13571 | D:6      | Reached skill level 6 in Dodging
 13571 | D:6      | Reached skill level 5 in Stealth
 13571 | D:6      | Reached XP level 9. HP: 33/55 MP: 0/0
 13571 | D:6      | Learned a level 3 spell: Summon Guardian Golem
 13874 | D:7      | Noticed an eight-headed hydra
 14604 | D:7      | Reached skill level 5 in Armour
 14951 | D:7      | Identified the ring "Hoeh" {Fly rPois rF+ rC+ Int+6}
 15192 | D:7      | Killed an eight-headed hydra
 15193 | D:7      | Reached skill level 7 in Dodging
 15193 | D:7      | Reached XP level 10. HP: 30/60 MP: 0/0
 16231 | Temple   | Entered the Ecumenical Temple
 16443 | Temple   | Became a worshipper of Ashenzari the Shackled
 16566 | D:8      | Found a transporter.
 16772 | D:8      | Noticed a two-headed ogre
 16772 | D:8      | Noticed croobank's ghost (novice DrTm)
 17888 | D:8      | Found a transporter.
 17928 | D:8      | Found an iron altar of Okawaru.
 18003 | D:8      | Reached skill level 8 in Dodging
 18370 | D:9      | Found a staircase to the Lair.
 18626 | D:9      | Reached skill level 1 in Fighting
 18627 | D:9      | Reached skill level 1 in Staves
 19938 | Lair:1   | Entered Level 1 of the Lair of Beasts
 19938 | Lair:1   | Noticed Harold
 19949 | Lair:1   | Killed Harold
 19970 | D:9      | Reached XP level 11. HP: 24/70 MP: 0/0
 19970 | D:9      | Learned a level 5 spell: Agony
 20389 | Lair:1   | Reached * piety under Ashenzari
 20899 | Lair:1   | Noticed Gastronok
 20922 | Lair:1   | Slain by Gastronok

Illustrated notes

Levels and vault maps discovered:
D:1:      beargit_arrival_diablo_church, layout_basic,
          chequers_ecumenical_altar_simple_redux, st_stairs_5
D:2:      layout_basic, grunt_ministairs_14, feat_on_display
D:3:      layout_loops_corners, lemuel_round_altar, uniq_jessica
D:4:      layout_basic, uniq_pikel
D:5:      layout_gridville, lemuel_round_altar, amcnicky_altar_gilded,
          nicolae_ru_awakened_eye
D:6:      layout_basic, minmay_temple_entry_from_below_a, serial_shops,
          nicolae_shop_behind_doors, interstate_on_off
D:7:      nicolae_cairo_tiling_large_dashed, layout_basic, grunt_ministairs_2,
          hex_intersection
D:8:      layout_rooms, mainiacjoe_overflow_small_starburst,
          kennysheep_mini_moat, gammafunk_ghost_smash
D:9:      layout_gridville, lair_entry_dummy, grunt_ministairs_2
Temple:   minmay_temple_curvy_branch
Lair:1:   layout_hall_layers, uniq_gastronok, uniq_harold

Skill      XL: |  1  2  3  4  5  6  7  8  9 10 |
---------------+-------------------------------+-----
Stealth        | 2 3 4 5 6 7 |  7.2
Dodging        | 3 4 5 6 7 8 |  8.7
Spellcasting   | 4 5 6 |  6.8
Armour         | 1 2 4 5 6 |  6.4
Evocations     | 1 2 3 |  3.4
Fighting       | 2 |  2.7
Staves         | 2 |  2.3

Action                   |  1- 3 |  4- 6 |  7- 9 | 10-12 || total
-------------------------+-------+-------+-------+-------++-------
Melee: Unarmed           |    17 |       |       |       ||    17
       Dagger            |    36 |    16 |       |       ||    52
       Punch             |     1 |       |       |     2 ||     3
       Staff             |       |    12 |    52 |    54 ||   118
Throw: Boomerang         |       |       |       |     7 ||     7
 Cast: Freeze            |    44 |   103 |    93 |    33 ||   273
       Ozocubu's Armour  |       |       |    10 |     5 ||    15
       Frozen Ramparts   |       |       |     9 |    12 ||    21
       Searing Ray       |       |       |    10 |    12 ||    22
       Static Discharge  |       |       |       |     8 ||     8
       Hailstorm         |       |       |       |     1 ||     1
       Agony             |       |       |       |     2 ||     2
       Summon Guardian G |       |       |       |     1 ||     1
Invok: Curse Item        |       |       |       |     2 ||     2
Evoke: Wand              |       |       |     5 |     7 ||    12
  Use: Scroll            |     2 |    13 |     8 |     5 ||    28
       Potion            |       |       |     2 |     1 ||     3
 Stab: Sleeping          |     6 |       |       |     1 ||     7
Armor: Robe              |    26 |     8 |       |       ||    34
       Leather armour    |       |    46 |   110 |   101 ||   257
Dodge: Dodged            |    56 |    93 |   152 |   144 ||   445

Table legend: (Time is in decaauts)
 A = Elapsed time spent in this place.
 B = Non-inter-level travel time spent in this place.
 C = Inter-level travel time spent in this place.
 D = Time resting spent in this place.
 E = Time spent auto-exploring this place.
 F = Levels seen in this place.
 G = Mean time per level.
                   A        B        C        D        E       F      G
               +--------+--------+--------+--------+--------+-----+--------+
         Total |  20963 |  20234 |    729 |  11027 |   6076 |  11 | 1905.7 |
       Dungeon |  20160 |  19457 |    703 |  10668 |   5912 |   9 | 2240.0 |
        Temple |    237 |    212 |     25 |      0 |    164 |   1 |  237.0 |
          Lair |    565 |    565 |      0 |    359 |      0 |   1 |  565.0 |
               +--------+--------+--------+--------+--------+-----+--------+

Top non-repeatable levels by time:
     D:6: 4102 daAuts
     D:3: 3177 daAuts
     D:1: 2478 daAuts
     D:7: 2256 daAuts
     D:5: 2080 daAuts
     D:9: 2022 daAuts
     D:2: 1866 daAuts
     D:4: 1247 daAuts
     D:8: 928 daAuts
  Lair:1: 565 daAuts
  Temple: 237 daAuts
